 Dungeon Crawl Stone Soup version 0.29-a0-330-g52719c12eb (webtiles) character file.

Game seed: 3819900980646570079

11 kae the Firebug (level 2, -1/17 HPs)
             Began as an Octopode Fire Elementalist on Apr 16, 2022.
             Slain by a kobold
             ... wielding a +0 dagger
              (4 damage)
             ... on level 1 of the Dungeon.
             The game lasted 00:00:18 (352 turns).

kae the Firebug (Octopode Fire Elementalist)         Turns: 352, Time: 00:00:18

Health: -1/17      AC:  1    Str:  7    XL:     2   Next: 29%
Magic:  5/5        EV: 13    Int: 17    God:
Gold:   21         SH:  0    Dex: 12    Spells: 4/5 levels left

rFire   . . .      SeeInvis .   e - +0 dagger
rCold   . . .      Faith    .   (no shield)
rNeg    . . .      Spirit   .   (helmet restricted)
rPois   .          Reflect  .   (no amulet)
rElec   .          Harm     .   (no ring)
rCorr   .          Rampage  .   (no ring)
Will    .....                   (no ring)
Stlth   +++.......              (no ring)
HPRegen 0.05/turn               (no ring)
MPRegen 0.09/turn               (no ring)
                                (no ring)
                                (no ring)

@: no status effects
A: almost no armour, amphibious, 8 rings, camouflage 1, gelatinous body 1,
(nimble swimmer 1), tentacles
a: no special abilities


You were on level 1 of the Dungeon.
You visited 1 branch of the dungeon, and saw 1 of its levels.

You collected 21 gold pieces.

Inventory:

Hand Weapons
 e - a +0 dagger (weapon)
 f - a +1 short sword of speed
Scrolls
 b - a scroll of magic mapping {unknown}
 c - a scroll of fear {unknown}
 d - a scroll of identify {unknown}
Potions
 a - a potion of magic


   Skills:
 + Level 0.2 Fighting
 + Level 2.1 Dodging
 + Level 2.9 Stealth
 + Level 2.1 Spellcasting
 + Level 1.1 Conjurations
 * Level 3.2 Fire Magic


You had 4 spell levels left.
You knew the following spells:

 Your Spells              Type           Power      Damage    Failure   Level
a - Foxfire               Conj/Fire      36%        2x1d5     8%          1

Your spell library contained the following spells:

 Spells                   Type           Power      Damage    Failure   Level
 Scorch                   Fire           24%        2d6       8%          2
 Conjure Flame            Conj/Fire      9%         6-21      24%         3
 Inner Flame              Hex/Fire       7%         N/A       30%         3
 Flame Wave               Conj/Fire      9%         2d5       61%         4


Dungeon Overview and Level Annotations

Branches:
Dungeon (1/15)

Altars:


Innate Abilities, Weirdness & Mutations

You cannot wear most types of armour.
You are amphibious.
You can wear up to eight rings at the same time.
Your skin changes colour to match your surroundings (Stealth+).
Your rubbery body absorbs attacks. (AC +1, EV +1)
((You are camouflaged when in or above water. (Stealth+)))
You have tentacles for arms and can constrict up to eight enemies at once.


Message History

You miss the goblin. You grab the goblin. You constrict the goblin.
The goblin closely misses you.
You hit the goblin.
You kill the goblin!
The goblin barely misses you.
A kobold comes into view. It is wielding a +0 dagger.
Things that are here:
a +0 club; a goblin corpse You hit the goblin.
Your grab misses the goblin. Your squeeze misses the goblin.
The goblin is severely wounded.
The goblin hits you with a +0 dagger.
You hit the goblin but do no damage. You grab the goblin.
The goblin is severely wounded.
You constrict the goblin.
You kill the goblin!
A jackal comes into view.
The rat bites you.
The jackal moves out of view.
You hit the rat but do no damage. You grab the rat. You constrict the rat.
The rat misses you.
You barely miss the rat.
The rat is heavily wounded.
You constrict the rat.
You kill the rat!
You hit the kobold. You grab the kobold.
The kobold is moderately wounded.
You constrict the kobold, but do no damage.
The kobold misses you. The kobold hits you with a +0 dagger.
You hit the kobold but do no damage. You constrict the kobold.
The kobold hits you with a +1 short sword of speed.
The kobold barely misses you.
The kobold hits you with a +1 short sword of speed!
* * * LOW HITPOINT WARNING * * *
You hit the kobold. You squeeze the kobold.
You kill the kobold!
The kobold closely misses you.
You see here a +1 short sword of speed.
f - a +1 short sword of speed The kobold hits you with a +0 dagger.
You die...

>.....>.♣♣♣.∩∩∩♣.♣♣.>.
.........♣.♣♣♣♣♣........
...........♣♣♣♣♣........
..#.....##........[.....
..#.########.#..........
...........#...#.#......
...#...........#.#......
..##.......#............
#.##.######..###@#...>..
......# #..###.K# ....K
......# #.## #)## ...$
...)..####.# #. ###
...........# #.
......###### #. ......#
.. ......# ## ......#


You could see a kobold.

Vanquished Creatures
  An endoplasm (D:1)
  4 goblins (D:1)
  A hobgoblin (D:1)
  A frilled lizard (D:1)
  2 kobolds (D:1)
  A rat (D:1)
10 creatures vanquished.

Vanquished Creatures (others)
  21 foxfires (D:1)
21 creatures vanquished.

Grand Total: 31 creatures vanquished

Notes
Turn   | Place    | Note
-------+----------+-------------------------------------------
     0 | D:1      | kae the Octopode Fire Elementalist began the quest for the
                  | Orb.
     0 | D:1      | Reached XP level 1. HP: 11/11 MP: 3/3
   260 | D:1      | Reached XP level 2. HP: 17/17 MP: 0/5
   352 | D:1      | Slain by a kobold

Illustrated notes

Levels and vault maps discovered:
D:1:      heliophobic_arrival_henge, layout_rooms,
          dreamdust_ecumenical_altar_statues

Action                   || total
-------------------------++-------
Melee: Constrict         ||     5
       Tentacles         ||     2
       Unarmed           ||     1
       Dagger            ||     9
 Cast: Foxfire           ||    12
Armor: Skin              ||     1
Dodge: Dodged            ||     8

Table legend: (Time is in decaauts)
 A = Elapsed time spent in this place.
 B = Non-inter-level travel time spent in this place.
 C = Inter-level travel time spent in this place.
 D = Time resting spent in this place.
 E = Time spent auto-exploring this place.
 F = Levels seen in this place.
 G = Mean time per level.
                   A        B        C        D        E       F      G
               +--------+--------+--------+--------+--------+-----+--------+
         Total |    351 |    346 |      5 |      0 |    289 |   1 |  351.0 |
       Dungeon |    351 |    346 |      5 |      0 |    289 |   1 |  351.0 |
               +--------+--------+--------+--------+--------+-----+--------+

Top non-repeatable levels by time:
     D:1: 351 daAuts
